 Dungeon Crawl Stone Soup version 0.24-a0-809-g71cb82dfb8 (webtiles) character file.

Game seed: 4804792184926797250, levelgen mode: deterministic

22906 2BsUSBport the Impaler (level 12, -24/112 HPs)
             Began as a Minotaur Fighter on Oct 9, 2019.
             Was a Priest of Nemelex Xobeh.
             Killed from afar by a fire giant (55 damage)
             ... with a fireball
             ... on level 15 of the Dungeon on Oct 11, 2019.
             The game lasted 00:57:51 (13959 turns).

2BsUSBport the Impaler (Minotaur Fighter)          Turns: 13959, Time: 00:57:52

Health: -24/112    AC: 15    Str: 31    XL:     12   Next: 67%
Magic:  11/11      EV: 15    Int:  5    God:    Nemelex Xobeh [***...]
Gold:   401        SH:  3    Dex: 11    Spells: 11/11 levels left

rFire    . . .     SeeInvis .   v - +2 glaive
rCold    + . .     Gourm    .   (shield currently unavailable)
rNeg     . . .     Faith    .   e - +5 ring mail {rC+}
rPois    .         Spirit   .   (helmet restricted)
rElec    .         Reflect  +   (no cloak)
rCorr    .         Harm     .   (no gloves)
MR       .....                  h - +2 pair of boots
Stlth    ++........             l - +3 amulet of reflection
HPRegen  0.28/turn              i - +6 ring of strength
MPRegen  0.12/turn              (no ring)

@: very slightly contaminated, slowed, very slow
A: retaliatory headbutt, horns 2
a: Draw Escape, Draw Destruction, Draw Summoning, Triple Draw, Renounce Religion


You were on level 15 of the Dungeon.
You worshipped Nemelex Xobeh.
Nemelex Xobeh was most pleased with you.
You were not hungry.

You visited 1 branch of the dungeon, and saw 14 of its levels.

You collected 811 gold pieces.
You spent 410 gold pieces at shops.

Inventory:

Hand Weapons
 v - a +2 glaive (weapon)
 E - a +3 halberd
Armour
 e - a +5 ring mail of cold resistance (worn)
 h - a +2 pair of boots (worn)
 H - the +1 robe of Moony {rCorr Stlth+}
   (You acquired it on level 13 of the Dungeon)

   It provides partial protection from all sources of acid and corrosion.
   It makes you more stealthy.
Magical Staves
 G - an uncursed staff of power
Jewellery
 c - an uncursed amulet of harm
 g - an uncursed ring of magical power
 i - a +6 ring of strength (left hand)
 k - an uncursed ring of protection from magic
 l - a +3 amulet of reflection (around neck)
 p - an uncursed ring of protection from fire
 r - an uncursed ring of protection from cold
 t - an uncursed amulet of the gourmand
 w - a +2 amulet of reflection
 F - an uncursed ring of poison resistance
Wands
 a - a wand of paralysis (21)
 j - a wand of flame (23)
 o - a wand of polymorph (5)
 x - a wand of iceblast (24)
 y - a wand of random effects (23)
 B - a wand of digging (3)
 D - a wand of enslavement (8)
Scrolls
 b - a scroll of amnesia
 m - 2 scrolls of identify
 q - 5 scrolls of remove curse
 A - 3 scrolls of teleportation
 I - a scroll of enchant weapon
Potions
 d - 2 potions of might
 n - 3 potions of flight
 C - a potion of lignification
Comestibles
 f - 11 rations


   Skills:
 + Level 12.3 Fighting
 + Level 17.1 Polearms
 + Level 10.2 Armour
 + Level 7.5 Dodging
 + Level 3.4 Stealth
   Level 3.6 Shields
 + Level 1.3 Unarmed Combat
 + Level 0.1 Evocations


You had 11 spell levels left.
You didn't know any spells.
Your spell library contained the following spells:

 Spells                   Type           Power        Failure   Level  Hunger
 Animate Skeleton         Necr           N/A          56%         1    ##.....
 Apportation              Tloc           #.....       56%         1    ##.....
 Beastly Appendage        Tmut           #.....       56%         1    ##.....
 Confusing Touch          Hex            #.....       56%         1    ##.....
 Summon Small Mammal      Summ           #...         56%         1    ##.....
 Sticks to Snakes         Tmut           #.......     71%         2    ###....
 Spider Form              Tmut/Pois      #.........   91%         3    ####...
 Ice Form                 Ice/Tmut       #.......     100%        4    #####..
 Blade Hands              Tmut           #.........   100%        5    ######.


Dungeon Overview and Level Annotations

Branches:
Dungeon (14/15)            Temple (0/1) D:5            Lair (0/6) D:11
    Orc (0/2) D:9          Depths (0/5) D:15
 Vaults: D:13-14

Altars:
Cheibriados
Elyvilon
Fedhas
Gozag
Makhleb
Nemelex Xobeh
Qazlal
Sif Muna
Uskayaw
Vehumet
Xom
The Shining One

Shops:
D:8 *[([(   D:9 (   D:15 :


Innate Abilities, Weirdness & Mutations

You reflexively headbutt those who attack you in melee.
You have a pair of horns on your head.


Message History

Press: ? - help, Shift-Dir - straight line, f - two-headed ogre
Aim: a two-headed ogre, wielding a +0 giant spiked club and a +0 giant club (lightly wounded)
The two-headed ogre convulses!
The two-headed ogre closely misses you.
The two-headed ogre hits you with a +0 giant club!
* * * LOW HITPOINT WARNING * * *
Blink to where?
Press: ? - help, Dir - move target cursor, p - two-headed ogre You are very lightly contaminated with residual magic.
As you read the scroll of blinking, it crumbles to dust.
A fire giant comes into view.
It is wielding a +0 great sword of flaming.
The fire giant shouts!
You hear a shout!
The fire giant points at you and mumbles some strange words.
The bolt of fire hits you!!
* * * LOW HITPOINT WARNING * * *
You feel much better.
An orc comes into view. It is wielding a +0 flail.
The fire giant points at you and mumbles some strange words.
The fireball explodes!
The fireball engulfs you!!!
You die...
Your body disappears without a glow.

,,,,,,,,* *,**,*****,*,,*,,,
,,,,,,,,********,**,* *,,*,,*,,
*****,*,,,,,,,,,,**,* *,,,*,,,,
*,*,***********,* *,*,,*,,,
*,*,* *,,,,,,,,,* **,,*,,*,,
*,*,* *,********* *,,,,*,,,,
*,*,* *,,,* *,,*,,*,,,
***,*,*##.############,,,*,,*,,
*,,,,,,...o...@.......,,,,*,,,,
*,**,,,......##..#####*,*,,*,,,
*,*,,,,.§...,,*#.##****,,,,,,,,
*,,,,,≈§.≈≈.,,,#.O#,,,,,,,,*,**
*,,,,*≈§≈C≈#§,,*#O#,,,,,,,,,,,,
*,,,≈≈≈§§≈≈≈≈§,*#§#,,,,,,,,*,**
*,,,≈≈≈.,,≈§≈§.*#)#,,,,,,,,*,*,
*,,,*≈≈,>,≈≈#...#O#,,,,,,,,*,,,
**,,≈≈≈,,,§§§....O#,,,,,,,,*,,,


You could see a fire giant, 2 two-headed ogres and an orc.

Vanquished Creatures
  An ogre mage (D:15)
  Harold (D:9)
  A hydra (D:13)
  A centaur warrior (D:13)
  4 two-headed ogres
  An orc knight (D:15)
  An unseen horror (D:10)
  An ugly thing (D:11)
  A deep elf mage (D:14)
  3 gargoyles
  2 kobold demonologists
  3 trolls
  A queen bee (D:9)
  A hornet (D:10)
  3 meliai (D:13)
  2 slime creatures (D:13)
  2 hippogriffs
  5 yaks (D:13)
  A hungry ghost (D:11)
  2 vampire mosquitoes (D:15)
  Edmund (D:4)
  A warg (D:11)
  A water moccasin (D:6)
  4 orc warriors
  A swamp drake (D:9)
  5 ice beasts
  A black bear (D:10)
  A phantom (D:8)
  3 sky beasts
  2 necrophages
  8 ogres
  3 centaurs
  3 big kobolds
  5 crocodiles
  3 bullfrogs
  A wyvern zombie (D:6)
  2 wyvern skeletons
  A scorpion (D:4)
  25 killer bees
  19 wights
  A howler monkey (D:4)
  A bullfrog zombie (D:7)
  5 centaur zombies
  7 crimson imps
  A quasit (D:13)
  9 hounds
  3 jellies
  8 orc priests
  Crazy Yiuf (D:7)
  2 bullfrog skeletons
  2 centaur skeletons
  6 iguanas
  14 orc wizards
  13 worker ants
  A killer bee zombie (D:6)
  2 hound zombies
  3 hound skeletons (D:6)
  2 howler monkey zombies
  Robin (D:4)
  12 gnolls (D:6)
  11 adders
  7 shadow imps
  An ooze (D:1)
  2 adder skeletons
  An adder zombie (D:8)
  4 worms
  5 dart slugs
  10 leopard geckos
  49 orcs
  9 bats
  9 giant cockroaches
  12 goblins
  12 hobgoblins
  8 jackals
  18 kobolds
  10 quokkas
  A ball python (D:4)
  A ball python skeleton (D:3)
  6 frilled lizards
  2 leopard gecko skeletons (D:4)
  A quokka skeleton (D:4)
  9 rats
409 creatures vanquished.

Vanquished Creatures (collateral kills)
  A manticore (D:11)
  A cyclops (D:13)
  A kobold demonologist (D:11)
  A troll (D:11)
  A warg (D:11)
  2 orc warriors
  A phantom (D:11)
  A big kobold (D:11)
  A scorpion (D:11)
  A killer bee (D:11)
  A centaur zombie (D:11)
  2 orc priests (D:11)
  An orc wizard (D:11)
  2 orcs (D:11)
17 creatures vanquished.

Vanquished Creatures (others)
  A centaur (D:13)
  A big kobold (D:13)
  2 ball lightnings (D:13)
  An orc (D:11)
5 creatures vanquished.

Grand Total: 431 creatures vanquished

Notes
Turn   | Place    | Note
-------+----------+-------------------------------------------
     0 | D:1      | 2BsUSBport the Minotaur Fighter began the quest for the
                  | Orb.
     0 | D:1      | Reached XP level 1. HP: 19/19 MP: 0/0
   174 | D:1      | Reached XP level 2. HP: 27/27 MP: 1/1
   464 | D:1      | Reached XP level 3. HP: 33/33 MP: 2/2
  1087 | D:2      | Found a faded altar of an unknown god.
  1136 | D:2      | Learned a level 1 spell: Confusing Touch
  1256 | D:2      | Reached skill level 3 in Polearms
  1932 | D:3      | Reached XP level 4. HP: 40/40 MP: 3/3
  2279 | D:3      | Found a sparkling altar of Nemelex Xobeh.
  2279 | D:3      | Found a glowing golden altar of the Shining One.
  2280 | D:3      | Found a blossoming altar of Fedhas.
  2280 | D:3      | Found a shimmering altar of Xom.
  2284 | D:3      | Became a worshipper of Nemelex Xobeh the Trickster
  2288 | D:3      | Received a gift from Nemelex Xobeh
  2330 | D:3      | Reached skill level 1 in Dodging
  2807 | D:4      | Upgraded the game from 0.24-a0-784-g601f8f6d22 to
                  | 0.24-a0-809-g71cb82dfb8
  2822 | D:4      | Reached skill level 4 in Polearms
  2822 | D:4      | Reached XP level 5. HP: 31/47 MP: 4/4
  2832 | D:4      | Reached skill level 5 in Armour
  2998 | D:4      | Noticed an ogre
  3001 | D:4      | Killed an ogre
  3001 | D:4      | Reached skill level 5 in Polearms
  3001 | D:4      | Reached XP level 6. HP: 53/53 MP: 5/5
  3001 | D:4      | Noticed Edmund
  3045 | D:4      | Killed Edmund
  3203 | D:4      | Reached skill level 6 in Polearms
  3213 | D:4      | Noticed Robin
  3223 | D:4      | Killed Robin
  3223 | D:4      | Reached skill level 5 in Fighting
  3257 | D:4      | Reached XP level 7. HP: 61/61 MP: 6/6
  3341 | D:4      | Reached skill level 7 in Polearms
  3453 | D:4      | Reached skill level 1 in Stealth
  3465 | D:4      | Reached * piety under Nemelex Xobeh
  3481 | D:4      | Reached skill level 1 in Unarmed Combat
  3974 | D:4      | Reached skill level 8 in Polearms
  4055 | D:5      | Entered Level 5 of the Dungeon
  4072 | D:5      | Found a staircase to the Ecumenical Temple.
  4111 | D:5      | Found a shimmering blue altar of Sif Muna.
  4117 | D:5      | Reached XP level 8. HP: 70/70 MP: 7/7
  4367 | D:5      | Found a white marble altar of Elyvilon.
  4459 | D:5      | Found a radiant altar of Vehumet.
  4870 | D:6      | Reached skill level 9 in Polearms
  4962 | D:6      | Identified the cursed +0 robe of Leapfrog {MR+ MP+9 Int-4}
  5050 | D:6      | Reached skill level 10 in Polearms
  5199 | D:6      | Received a gift from Nemelex Xobeh
  5234 | D:6      | Found a snail-covered altar of Cheibriados.
  5600 | D:6      | Reached XP level 9. HP: 65/79 MP: 8/8
  6085 | D:6      | Reached ** piety under Nemelex Xobeh
  6122 | D:6      | Found a burning altar of Makhleb.
  6373 | D:7      | Reached skill level 11 in Polearms
  6615 | D:7      | Found a hide-covered altar of Uskayaw.
  6690 | D:7      | Found a runed translucent door.
  6691 | D:7      | Noticed Crazy Yiuf
  6730 | D:7      | Killed Crazy Yiuf
  6816 | D:8      | Found Ychoy's Assorted Antiques.
  6913 | D:8      | Bought 2 potions of heal wounds for 300 gold pieces
  6928 | D:8      | Found Jituemug's Weapon Shop.
  6933 | D:8      | Bought a +0 halberd of freezing for 110 gold pieces
  7134 | D:8      | Found Vifom's Antique Armour Shop.
  7481 | D:8      | Noticed a two-headed ogre
  7482 | D:8      | Found an opulent altar of Gozag.
  7488 | D:8      | Killed a two-headed ogre
  7488 | D:8      | Reached skill level 12 in Polearms
  7488 | D:8      | Reached XP level 10. HP: 35/90 MP: 9/9
  7922 | D:8      | Found Ximof's Armour Emporium.
  8008 | D:8      | Found Ihozoget's Antique Weapon Emporium.
  8288 | D:9      | Reached skill level 13 in Polearms
  8299 | D:9      | Reached skill level 5 in Dodging
  8481 | D:9      | Received a gift from Nemelex Xobeh
  8996 | D:9      | Found a staircase to the Orcish Mines.
  9139 | D:9      | Noticed Harold
  9149 | D:9      | Killed Harold
  9249 | D:9      | Noticed a gargoyle
  9255 | D:9      | Reached *** piety under Nemelex Xobeh
  9262 | D:9      | Killed a gargoyle
  9262 | D:9      | Reached skill level 14 in Polearms
  9262 | D:9      | Reached XP level 11. HP: 47/99 MP: 10/10
  9716 | D:9      | Noticed a two-headed ogre
  9722 | D:9      | Killed a two-headed ogre
  9722 | D:9      | Reached skill level 10 in Fighting
 10052 | D:9      | Found Qiutit's Antique Weapon Shoppe.
 10239 | D:10     | Entered Level 10 of the Dungeon
 10472 | D:10     | Received a gift from Nemelex Xobeh
 10484 | D:10     | Found a stormy altar of Qazlal.
 10655 | D:10     | Killed an unseen horror
 11180 | D:11     | Noticed a green ugly thing
 11187 | D:11     | Reached skill level 15 in Polearms
 11190 | D:11     | Killed a green ugly thing
 11222 | D:11     | Found a staircase to the Lair.
 12012 | D:11     | You fall into a shaft and drop 3 floors!
 12015 | D:14     | Noticed a deep elf mage
 12029 | D:14     | Killed a deep elf mage
 12308 | D:13     | Received a gift from Nemelex Xobeh
 12319 | D:13     | Reached XP level 12. HP: 34/110 MP: 11/11
 12321 | D:13     | Reached skill level 16 in Polearms
 12599 | D:13     | Noticed a centaur warrior
 12606 | D:13     | Killed a centaur warrior
 12676 | D:13     | Identified a scroll of acquirement
 12677 | D:13     | Got a faintly humming robe
 12678 | D:13     | Identified the +1 robe of Moony {rCorr Stlth+} (You
                  | acquired it on level 13 of the Dungeon)
 12710 | D:13     | Noticed a two-headed ogre
 12714 | D:13     | Killed a two-headed ogre
 13313 | D:13     | Noticed an eight-headed hydra
 13323 | D:13     | Killed a ten-headed hydra
 13650 | D:13     | Reached skill level 10 in Armour
 13700 | D:13     | You fall into a shaft and drop 2 floors!
 13700 | D:15     | Entered Level 15 of the Dungeon
 13700 | D:15     | Found Moisig's Book Shop.
 13939 | D:15     | Noticed a two-headed ogre
 13940 | D:15     | Noticed a two-headed ogre
 13942 | D:15     | Noticed an ogre mage
 13948 | D:15     | Killed a two-headed ogre
 13949 | D:15     | Noticed a two-headed ogre
 13953 | D:15     | Killed an ogre mage
 13953 | D:15     | Reached skill level 17 in Polearms
 13958 | D:15     | Noticed a fire giant
 13959 | D:15     | Killed from afar by a fire giant

Levels and vault maps discovered:
D:1:      dpeg_arrival_pond, layout_basic
D:2:      layout_loops_ring, chequers_ecumenical_altar_simple,
          ebering_dispersal_statue_hall
D:3:      layout_basic, chequers_temple_overflow_statue_of_worship,
          minmay_ruptured
D:4:      minmay_thinvault, layout_loops_ring, cheibrodos_sewer_entry_bend,
          uniq_robin, uniq_edmund
D:5:      layout_basic, fiery_altar_vehumet, marbit_many_paths,
          old_standard_altar, temple_pool_b, serial_curves, eino_curves_03,
          eino_curves_03, first_ration
D:6:      minmay_bubble_buster, layout_rooms, kennysheep_mini,
          kennysheep_mini_moat, corexii_shack
D:7:      layout_rooms, eat_drink_and_be_merry_uskayaw, uniq_crazy_yiuf_cottage
D:8:      layout_basic, old_standard_altar, serial_shops, shop_fountains,
          shop_statue, shop, shop, shop
D:9:      layout_roguey, erik_orc_1, serial_shops, shop, david_nohive_1,
          dk_noncrumbling_3, uniq_harold
D:10:     layout_roguey, basic_altar, serial_bayou_crossing
D:11:     layout_rooms, erik_lair_orcish_takeover, fedhas_altar_4
D:13:     layout_roguey
D:14:     layout_long_grid, grunt_vaults_entry_fortified, patterned_corridor
D:15:     grunt_enter_depths_giant_problem, layout_basic, serial_shops, shop,
          minmay_misc_feat_diagonals, basic_altar

Skill      XL: |  1  2  3  4  5  6  7  8  9 10 11 12 |
---------------+-------------------------------------+-----
Armour         | 4 5 6 8 9 10 | 10.2
Fighting       | 4 5 6 7 8 9 11 12 | 12.3
Polearms       | 3 4 5 6 8 10 12 14 15 17 | 17.1
Dodging        | 1 2 3 4 5 6 7 |  7.5
Stealth        | 1 2 3 |  3.4
Unarmed Combat | 1 |  1.3
Shields        | |  3.6
Evocations     | |  0.1

Action                   |  1- 3 |  4- 6 |  7- 9 | 10-12 || total
-------------------------+-------+-------+-------+-------++-------
Melee: Trident           |   119 |   108 |   148 |       ||   375
       Headbutt          |    14 |    14 |    73 |    81 ||   182
       Unarmed           |       |    16 |       |       ||    16
       Spear             |       |       |   159 |       ||   159
       Punch             |       |       |     1 |       ||     1
       Halberd           |       |       |    49 |    14 ||    63
       Glaive            |       |       |       |   481 ||   481
 Abil: Draw Destruction  |       |     1 |     2 |    14 ||    17
       Draw Summoning    |       |       |     1 |     3 ||     4
       Draw Escape       |       |       |       |     1 ||     1
Evoke: Wand              |       |       |       |     1 ||     1
  Use: Scroll            |     6 |     4 |    10 |    14 ||    34
       Potion            |     4 |     2 |     1 |     9 ||    16
 Stab: Sleeping          |       |       |       |     2 ||     2
       Distracted        |       |       |       |     1 ||     1
  Eat: Ration            |     1 |     2 |     4 |     7 ||    14
Armor: Scale mail        |    22 |       |       |       ||    22
       Ring mail         |    23 |    39 |    60 |   167 ||   289
       Skin              |       |     1 |       |       ||     1
Dodge: Dodged            |    58 |    52 |   116 |   249 ||   475
Block: Other             |       |       |     4 |    31 ||    35
       Reflection        |       |       |       |     4 ||     4

Table legend:
 A = Non-vault XP
 B = Vault XP
 C = Vault XP percentage of total XP
 D = Non-vault monster count
 E = Vault monster count
 F = Vault count percentage of total count
                 A         B        C        D         E       F
            +---------+---------+-------+---------+---------+-------
      Total |   28222 |    4501 |  13.8 |     343 |      86 |  20.0
            +---------+---------+-------+---------+---------+-------
        D:1 |      60 |       0 |   0.0 |      26 |       0 |   0.0
        D:2 |      26 |       0 |   0.0 |      17 |       0 |   0.0
        D:3 |      62 |      12 |  16.2 |      27 |       4 |  12.9
        D:4 |     671 |     561 |  45.5 |      16 |      21 |  56.8
        D:5 |     478 |       0 |   0.0 |      14 |       0 |   0.0
        D:6 |    1018 |     563 |  35.6 |      43 |      17 |  28.3
        D:7 |     504 |      40 |   7.4 |      11 |       1 |   8.3
        D:8 |    2860 |       0 |   0.0 |      37 |       0 |   0.0
        D:9 |    2985 |    2865 |  49.0 |      34 |      35 |  50.7
       D:10 |    2477 |       0 |   0.0 |      21 |       0 |   0.0
       D:11 |    3553 |     460 |  11.5 |      46 |       8 |  14.8
       D:13 |    8138 |       0 |   0.0 |      35 |       0 |   0.0
       D:14 |     646 |       0 |   0.0 |       2 |       0 |   0.0
       D:15 |    4744 |       0 |   0.0 |      14 |       0 |   0.0
            +---------+---------+-------+---------+---------+-------
